 Seeded DCSS version 0.30-a0-737-gf23d94013f (webtiles) character file.

Game seed: 5571445538074329676 (custom seed)

3216 retardedninja the Severer (level 9, -17/75 HPs)
             Began as a Hill Orc Fighter on Feb 1, 2023.
             Was an Initiate of Gozag.
             Demolished by an orc knight
             ... wielding a +0 war axe
              (20 damage)
             ... in a bailey.
             The game lasted 00:10:03 (6654 turns).

retardedninja the Severer (Hill Orc Fighter)        Turns: 6654, Time: 00:10:04

Health: -17/75     AC: 14    Str: 23    XL:     9   Next: 97%
Magic:  9/9        EV:  7    Int:  8    God:    Gozag
Gold:   217        SH:  5    Dex: 10    Spells: 8/8 levels left

rFire   . . .      SeeInvis .    p - +5 broad axe (freeze)
rCold   . . .      Faith    .    c - +0 buckler
rNeg    . . .      Spirit   .    D - +0 chain mail
rPois   .          Reflect  .    (no helmet)
rElec   .          Harm     .    d - +1 cloak {rCorr}
rCorr   +          Rampage  .    E - +1 pair of gloves {Stlth+}
Will    .....                    (no boots) Stlth
                                 (no amulet)
HPRegen 0.32/turn                (no ring)
MPRegen 0.11/turn                (no ring)

@: mighty, gold aura, hasted, invisible, very quick
A: no striking features
a: Renounce Religion, Potion Petition, Call Merchant, Bribe Branch


You were in a bailey.
You worshipped Gozag.
Gozag was aware of your devotion.
You visited 2 branches of the dungeon, and saw 8 of its levels.
You also visited: Sewer and Bailey.

You collected 510 gold pieces.
You spent 172 gold pieces at shops.
You paid 121 gold pieces to Gozag.

Inventory:

Hand Weapons
 p - a +5 broad axe of freezing (weapon)
Missiles
 o - 5 silver javelins (quivered)
 y - 3 javelins
Armour
 c - a +0 buckler (worn)
 d - a +1 cloak of preservation (worn)
 D - a +0 chain mail (worn)
 E - a +1 pair of gloves of stealth (worn)
Wands
 v - a wand of polymorph (11)
 w - a wand of flame (27)
Scrolls
 g - 2 scrolls of vulnerability
 i - 5 scrolls of fog
 k - a scroll of fear
 m - 6 scrolls of teleportation
 r - 2 scrolls of blinking
 u - 2 scrolls of amnesia
 C - 2 scrolls of enchant weapon
Potions
 a - a potion of lignification {unknown}
 b - 2 potions of heal wounds {unknown}
 f - a potion of flight
 j - a potion of ambrosia {unknown}
 q - 2 potions of haste
 s - 2 potions of degeneration {unknown}
 t - a potion of invisibility
 z - 2 potions of brilliance {unknown}
 A - a potion of magic {unknown}


   Skills:
 + Level 5.8 Fighting
 * Level 20.4 Axes
 + Level 5.2 Armour
 + Level 5.2 Shields


You had 8 spell levels left.
You didn't know any spells.
Your spell library contained the following spells:

 Spells                   Type           Power      Damage    Failure   Level
 Slow                     Hex            0%         N/A       99%         1
 Cigotuvi's Dreadful Rot  Necr/Pois/Air  0%         N/A       99%         2
 Ensorcelled Hibernation  Hex/Ice        0%         N/A       99%         2
 Passwall                 Tmut/Erth      0%         N/A       99%         2
 Poisonous Vapours        Pois/Air       0%         N/A       99%         2
 Confusing Touch          Hex            0%         N/A       100%        3
 Mephitic Cloud           Conj/Pois/Air  0%         N/A       100%        3
 Ozocubu's Armour         Ice            0%         N/A       100%        3
 Swiftness                Air            0%         N/A       100%        3
 Vampiric Draining        Necr           0%         2d6       100%        3
 Vhi's Electric Charge    Tloc/Air       0%         N/A       100%        3
 Cause Fear               Hex            0%         N/A       100%        4
 Passage of Golubria      Tloc           0%         N/A       100%        4
 Arcjolt                  Conj/Air       0%         1d10      100%        5
 Silence                  Hex/Air        0%         N/A       100%        5
 Dragon Form              Tmut           0%         N/A       100%        7
 Ozocubu's Refrigeration  Ice            0%         4d7       100%        7
 Lehudib's Crystal Spear  Conj/Erth      0%         10d2      100%        8
 Maxwell's Capacitive Co  Air            0%         ∞         100%        8
 Dragon's Call            Summ           0%         N/A       100%        9


Dungeon Overview and Level Annotations

Branches:
Dungeon (7/15)             Temple (1/1) D:5           Sewer (visited)
 Bailey (1/1)

Altars:
Cheibriados
Dithmenos
Elyvilon
Fedhas
Gozag
Kikubaaqudgha
Nemelex Xobeh
Okawaru
Qazlal
Ru
Sif Muna
Trog
Uskayaw
Wu Jian
Zin
The Shining One

Shops:
D:3 ?   D:5 [


Message History

You kill the hobgoblin!
You fade into invisibility!
You feel very mighty all of a sudden.
The orc knight hits you with a +0 war axe.
* * * LOW HITPOINT WARNING * * *
A hobgoblin comes into view. It is wielding a +0 hand axe.
Okay, then.
You barely miss the orc knight.
You strike the helpless orc from behind!
You slice the orc!! You freeze the orc.
You kill the orc!
The hobgoblin shouts!
You hear a shout! x2
You closely miss the orc knight.
The hobgoblin shouts!
The orc knight hits you with a +0 war axe!
* * * LOW HITPOINT WARNING * * *
A gnoll comes into view. It is wielding a +0 hand axe.
Okay, then.
It was a potion of curing.
You feel better.
The gnoll shouts!
The hobgoblin shouts!
You hear a shout!
The orc knight barely misses you.
You hear a shout!
The gnoll shouts!
The hobgoblin shouts!
The orc warrior is distracted by your dazzling golden aura.
Things that are here:
5 gold pieces; a +0 hand axe; a +0 ring mail You feel better.
The orc knight hits you with a +0 war axe!!
* * * LOW HITPOINT WARNING * * *
A goblin comes into view. It is wielding a +0 war axe.
The orc warrior shouts!
You hear a shout!
The orc warrior is no longer distracted by gold.
Items here: $ )) [[.
You feel yourself speed up.
The goblin shouts!
The orc warrior no longer looks unusually strong.
The orc knight hits you with a +0 war axe!!
You die...
Your body crumbles into a pile of gold.

## ### ###.### ###.###
###.....### ###.....###
##.........###.........##
#..........$#...........#
#......$..o@$...........#
#.....⌠$$..$#.....⌠.....#
#.....goo...#........)..#
#...g.g.....#.......)...#
##.........###......)..###
#'#.....###
###....)#'#.### ...###.###
###.###.....# o. ##
###........ $$#.........


You could see an orc knight (unable to see you), an orc warrior (unable to see
you), a gnoll (unable to see you), an orc (unable to see you), a hobgoblin
(unable to see you) and a goblin (wandering, unable to see you).

Vanquished Creatures
  Sigmund (D:6)
  Eustachio (D:4)
  7 orc warriors (Bailey)
  2 ice beasts (D:6)
  A centaur (D:5)
  A phantom (D:4)
  A kobold brigand (D:7)
  2 scorpions (D:5)
  4 killer bees (D:5)
  A howler monkey (D:6)
  A hound (D:6)
  7 jellies
  2 orc priests
  4 iguanas
  4 orc wizards
  A gnoll (Bailey)
  6 adders
  2 river rats
  A shadow imp (D:5)
  A white imp (D:6)
  An ufetubus (D:6)
  4 worms
  2 dart slugs
  25 orcs
  10 ball pythons
  13 endoplasms
  8 giant cockroaches
  15 goblins
  14 hobgoblins
  8 jackals
  6 quokkas
  2 bats
  4 frilled lizards
  13 kobolds
  14 rats
189 creatures vanquished.

Notes
Turn   | Place    | Note
-------+----------+-------------------------------------------
     0 | D:1      | retardedninja the Hill Orc Fighter began the quest for the
                  | Orb.
     0 | D:1      | Reached XP level 1. HP: 19/19 MP: 1/1
   111 | D:1      | Reached XP level 2. HP: 27/27 MP: 2/2
   123 | D:1      | Reached skill level 3 in Axes
   552 | D:1      | Reached XP level 3. HP: 26/33 MP: 3/3
   641 | D:1      | Found a faded altar of an unknown god.
   969 | D:2      | HP: 1/33 [poisoned by an adder]
  1803 | D:3      | Reached XP level 4. HP: 40/40 MP: 4/4
  2269 | D:3      | Found a glowing drain.
  2285 | Sewer    | Entered a sewer
  2496 | Sewer    | Reached skill level 4 in Axes
  2844 | Sewer    | Reached XP level 5. HP: 45/47 MP: 5/5
  2948 | Sewer    | Found a viscous altar of Jiyva.
  3064 | Sewer    | Reached skill level 5 in Axes
  3064 | Sewer    | Reached XP level 6. HP: 45/55 MP: 6/6
  3125 | Sewer    | Reached skill level 5 in Fighting
  3229 | Sewer    | Reached skill level 16 in Axes
  3229 | Sewer    | Reached XP level 7. HP: 61/61 MP: 7/7
  3230 | Sewer    | Reached skill level 20 in Axes
  3230 | Sewer    | Reached XP level 8. HP: 68/68 MP: 8/8
  3466 | D:3      | Found The Oracle's Delphic Readings.
  3758 | D:4      | Found a hide-covered altar of Uskayaw.
  4526 | D:4      | Noticed Eustachio
  4541 | D:4      | Killed Eustachio
  4638 | D:4      | Identified a scroll of acquirement
  4638 | D:4      | Acquired a +4 broad axe of freezing
  4659 | D:5      | Entered Level 5 of the Dungeon
  5122 | D:5      | Found Dodif's Antique Armour Shop.
  5125 | D:5      | Bought a pair of glowing gloves for 172 gold pieces
  5490 | D:5      | Found a staircase to the Ecumenical Temple.
  5502 | Temple   | Entered the Ecumenical Temple
  5697 | D:6      | Reached XP level 9. HP: 74/74 MP: 9/9
  6006 | D:6      | Found an opulent altar of Gozag.
  6015 | D:6      | Became a worshipper of Gozag Ym Sagoz the Greedy
  6086 | D:6      | Noticed Sigmund
  6090 | D:6      | Killed Sigmund
  6104 | D:6      | Reached skill level 5 in Armour
  6525 | D:7      | Found a flagged portal.
  6538 | Bailey   | Entered a bailey
  6555 | Bailey   | Reached skill level 5 in Shields
  6628 | Bailey   | Noticed an orc knight
  6652 | Bailey   | HP: 2/75 [orc knight/+0 war axe (21)]
  6654 | Bailey   | Demolished by an orc knight

Illustrated notes

Levels and vault maps discovered:
D:1:      minmay_arrival_glassed_features, layout_loops_ring,
          dreamdust_ecumenical_altar_hidden_monk_grotto, minmay_octomino_e4
D:2:      layout_basic
D:3:      layout_basic, portal_sewer_entry_b, chequers_serial_rivers_micro_c,
          nicolae_nh_oracle_at_delphi
D:4:      layout_basic, lemuel_round_altar, minmay_misc_feat_encased,
          uniq_eustachio
D:5:      layout_gridville, temple_hall, serial_shops, shop
D:6:      layout_cave_pools, grunt_gozag_statues, grunt_ministairs_15,
          uniq_sigmund
D:7:      layout_basic, enter_bailey_3, uniq_maggie
Temple:   nicolae_temple_bog_church
Bailey:   bailey_axe_minmay_hex_keep, bailey

Skill      XL: |  1  2  3  4  5  6  7  8  9 |
---------------+----------------------------+-----
Axes           | 3 4 5 16 20 | 20.4
Fighting       | 4 5 |  5.8
Armour         | 4 5 |  5.2
Shields        | 4 5 |  5.2

Action                     |  1- 3 |  4- 6 |  7- 9 || total
---------------------------+-------+-------+-------++-------
  Melee: War axe           |   105 |   115 |    69 ||   289
         Broad axe         |       |       |   130 ||   130
  Throw: Javelin           |       |       |     2 ||     2
    Use: Scroll            |     3 |       |    12 ||    15
         Potion            |     2 |     1 |     6 ||     9
   Stab: Distracted        |       |       |     1 ||     1
         Invisible         |       |       |     1 ||     1
 Armour: Scale mail        |    53 |    81 |    26 ||   160
         Chain mail        |       |       |    59 ||    59
  Dodge: Dodged            |    60 |    60 |    60 ||   180
  Block: Buckler           |    26 |    26 |    30 ||    82

Table legend: (Time is in decaauts)
 A = Elapsed time spent in this place.
 B = Non-inter-level travel time spent in this place.
 C = Inter-level travel time spent in this place.
 D = Time resting spent in this place.
 E = Time spent auto-exploring this place.
 F = Levels seen in this place.
 G = Mean time per level.
                   A        B        C        D        E       F      G
               +--------+--------+--------+--------+--------+-----+--------+
         Total |   6715 |   6461 |    254 |   1335 |   3945 |  10 |  671.5 |
       Dungeon |   5415 |   5178 |    237 |    713 |   3557 |   7 |  773.6 |
        Temple |    170 |    153 |     17 |      0 |    144 |   1 |  170.0 |
         Sewer |   1023 |   1023 |      0 |    622 |    192 |   1 | 1023.0 |
        Bailey |    106 |    106 |      0 |      0 |     50 |   1 |  106.0 |
               +--------+--------+--------+--------+--------+-----+--------+

Top non-repeatable levels by time:
     D:4: 1075 daAuts
   Sewer: 1023 daAuts
     D:1: 939 daAuts
     D:3: 903 daAuts
     D:5: 865 daAuts
     D:2: 809 daAuts
     D:6: 589 daAuts
     D:7: 232 daAuts
  Temple: 170 daAuts
  Bailey: 106 daAuts
